Cogmind - Beta 13 @@@ ROGUE MODE // 2024.04.15 @ 00:44:29 Player: Thaleia Result: Self-destructed Performance ------------- Evolutions (1) 500 Regions Visited (2) 400 Robots Destroyed (22) 110 Value Destroyed (509) 509 Prototype IDs (0) 0 Alien Tech Used (0) 0 Bonus (0) 0 TOTAL SCORE: 1519 Bonus ------- None Cogmind --------- Core Integrity 344/400 Matter 296/300 Energy 250/250 System Corruption 3% Temperature Cool (0) Movement Treading (160) Location -9/Materials Parts ------- > --- POWER (1) -------- Ion Engine > --- PROPULSION (3) --- Light Treads Improved Treads Improved Treads > --- UTILITY (3) ------ Small Storage Unit > --- WEAPON (2) ------- Light Assault Rifle Mining Claw > --- INVENTORY (8) ---- Light Ion Engine Reinforced Ion Engine Light Nuclear Core Tractor Beam Light Assault Rifle Improved Light Cannon Improved Light Cannon Grenade Launcher Peak State ------------ > --- POWER ------------ Light Ion Engine > --- PROPULSION ------- Light Treads Improved Treads Improved Treads > --- UTILITY ---------- Small Storage Unit Sensor Array > --- WEAPON ----------- Assault Rifle Improved Light Cannon > --- INVENTORY -------- Light Ion Engine Light Nuclear Core Light Treads Sensor Array Light Assault Rifle Improved Light Cannon Grenade Launcher [Rating: 12] Favorites ----------- Power Ion Engine Engine Ion Engine Power Core Light Nuclear Core Propulsion Light Treads Treads Light Treads Utility Small Storage Unit Device Sensor Array Storage Small Storage Unit Weapon Assault Rifle Ballistic Gun Assault Rifle Ballistic Cannon Improved Light Cannon Slashing Weapon Mining Claw Build | -11 -10 -9 ------- Run | Yrd Mat Mat Slots Evolved 2 | . . 2 Power . | . . . Propulsion 1 | . . 1 Utility 1 | . . 1 Weapon . | . . . Parts Attached 18 | 7 5 6 Power 6 | 2 2 2 Engine 5 | 2 1 2 Core 1 | . 1 . Reactor . | . . . Propulsion 4 | 2 . 2 Treads 4 | 2 . 2 Leg . | . . . Wheel . | . . . Hover . | . . . Flight . | . . . Utility 2 | 1 1 . Device 1 | . 1 . Storage 1 | 1 . . Processor . | . . . Hackware . | . . . Protection . | . . . Artifact . | . . . Weapon 6 | 2 2 2 Energy Gun . | . . . Energy Cannon . | . . . Ballistic Gun 4 | 2 1 1 Ballistic Cannon 1 | . 1 . Launcher . | . . . Special Weapon . | . . . Impact Weapon . | . . . Slashing Weapon 1 | . . 1 Piercing Weapon . | . . . Special Melee Weapon . | . . . Unidentified Prototypes . | . . . Parts Lost 2 | . . 2 Power 1 | . . 1 Propulsion . | . . . Utility 1 | . . 1 Weapon . | . . . Highest Loss Streak 2 | . . 2 To Critical Strikes . | . . . Average Slot Usage (%) 90 | . 94 80 Engine 12 | . 13 10 Treads 29 | . 28 31 Device 8 | . 9 5 Storage 13 | . 14 11 Ballistic Gun 15 | . 17 11 Ballistic Cannon 7 | . 10 2 Slashing Weapon 2 | . . 8 Naked Turns . | . . . Heaviest Build 17 | 13 17 15 Greatest Support 66 | 40 40 66 Greatest Overweight (x) . | . . . Average Overweight (x) . | . . . Largest Inventory Capacity 8 | 8 8 8 Average Capacity 7 | 6 8 8 Most Carried 8 | 1 6 8 Average Carried 4 | . 4 6 Final Capacity 8 | 8 8 8 Final Carried 8 | 1 6 8 Class Distribution -------------------- 100% | Mutant Dominant Class ---------------- Mutant | -10/Materials Mutant | -9/Materials Resources | -11 -10 -9 ----------- Run | Yrd Mat Mat Matter Collected 550 | 225 241 84 Remotely . | . . . Salvage Created 599 | . 302 297 Parts 53 | . 26 27 Haulers Intercepted . | . . . Recyclers Shooed 2 | . . 2 Parts Field Recycled . | . . . Retrieved Matter . | . . . Parts Self-Destructed . | . . . Prevented . | . . . Kills | -11 -10 -9 ------- Run | Yrd Mat Mat Combat Hostiles Destroyed 17 | . 9 8 Melee 7 | . . 7 Guns 3 | . 2 1 Cannons 7 | . 7 . Classes Destroyed 7 | . 4 3 Builder 1 | . 1 . Tunneler 1 | . . 1 Watcher 3 | . 2 1 Swarmer 7 | . 3 4 Grunt 8 | . 6 2 Brawler 1 | . . 1 Sentry 1 | . . 1 Best Kill Streak 7 | . 3 7 Combat Bots Only 7 | . 3 7 Max Kills in Single Turn 1 | . 1 1 Gunslinging . | . . . Exploded . | . . . Melee 1 | . . 1 Uniques/NPCs Destroyed . | . . . Combat | -11 -10 -9 -------- Run | Yrd Mat Mat Hostile Shots Fired 66 | . 24 42 Missed 15 | . 4 11 Damage Taken 607 | . 249 358 Core 103 | . 47 56 Absorbed by Shields . | . . . Core Remaining (%) 90 | 100 81 . Volleys Fired 38 | . 22 16 Largest 2 | . 2 2 Hottest 59 | . 59 59 Shots Fired 60 | . 44 16 Gun 37 | . 22 15 Cannon 23 | . 22 1 Launcher . | . . . Special . | . . . Kinetic 60 | . 44 16 Thermal . | . . . Explosive . | . . . Electromagnetic . | . . . Robot Hit Streak 9 | . 9 3 Robot Miss Streak 5 | . 2 5 Penetration Max . | . . . Secondary Targets . | . . . Shots Hit Robots 50 | . 29 21 Core Hits 31 | . 16 15 Critical Kills . | . . . Critical Parts Destroyed . | . . . Critical Strikes 1 | . 1 . Blast 1 | . 1 . Melee Attacks 21 | . . 21 Impact . | . . . Slashing 21 | . . 21 Piercing . | . . . Sneak Attacks 2 | . . 2 Combat Hostiles . | . . . Follow-up Attacks . | . . . Damage Inflicted 882 | . 488 394 Guns 238 | . 196 42 Cannons 270 | . 270 . Explosions . | . . . Melee 352 | . . 352 Ramming 22 | . 22 . Kinetic 508 | . 466 42 Thermal . | . . . Explosive . | . . . Electromagnetic . | . . . Impact . | . . . Slashing 352 | . . 352 Piercing . | . . . Highest Corruption 3 | . . 3 Average Corruption 2 | . . 2 Corruption Purged . | . . . Corruption Blocked . | . . . Effects 5 | . . 5 Message Errors 2 | . . 2 Matter Fused 1 | . . 1 Energy Discharges 1 | . . 1 Weapon Failures 1 | . . 1 Overload Shots . | . . . Overflow Damage . | . . . Projectiles . | . . . Explosions . | . . . Melee . | . . . Knockbacks . | . . . Impact . | . . . Kinetic . | . . . Secondary . | . . . Self-Inflicted Damage . | . . . Shots . | . . . Rammed 3 | . 3 . Targets Rammed 4 | . 4 . Kicked . | . . . Crushed 1 | . 1 . Highest Temperature 63 | . 63 6 Average Temperature 21 | . 21 6 Received Heat Transfer 180 | . 129 51 Siege Activations . | . . . Robots Corrupted . | . . . Combat Hostiles . | . . . Parts Fried . | . . . Impact Corruptions . | . . . Robots Melted . | . . . Combat Hostiles . | . . . Parts Melted . | . . . Heat Transferred . | . . . Parts Sabotaged . | . . . Parts Stolen . | . . . Parts Stripped . | . . . Power Chain Reactions . | . . . Alert | -11 -10 -9 ------- Run | Yrd Mat Mat Peak Influence 303 | . 146 303 Initial 61 | . . 61 Average 87 | . 46 193 Maximum Alert Level 1 | . . 1 Low Security (%) 83 | 100 100 47 Level 1 16 | . . 52 Level 2 . | . . . Level 3 . | . . . Level 4 . | . . . Level 5 . | . . . High Security . | . . . Max Security . | . . . Squads Dispatched 1 | . 1 . Investigation 1 | . 1 . Extermination . | . . . Reinforcement . | . . . Assault . | . . . Garrison . | . . . Intercept . | . . . Searches Triggered . | . . . Construction Impeded . | . . . Haulers Reinforced . | . . . Active Scanning Responses . | . . . Cargo Convoy Interrupts . | . . . Stealth | -11 -10 -9 --------- Run | Yrd Mat Mat Distress Signals 2 | . . 2 Communications Jammed . | . . . Distress Signals . | . . . Times Spotted 30 | . 12 18 Peak Tracking Total 8 | . 4 8 Tactical Retreats 1 | . 1 . Traps | -11 -10 -9 ------- Run | Yrd Mat Mat Traps Triggered . | . . . Indirectly . | . . . Trap Hack Attempts . | . . . Triggered . | . . . Disarmed . | . . . Reprogrammed . | . . . Reused . | . . . Traps Extracted . | . . . Installed . | . . . Triggered . | . . . Machines | -11 -10 -9 ---------- Run | Yrd Mat Mat Machines Disabled . | . . . Max in Single Turn . | . . . Machines Repaired . | . . . Machines Dismantled . | . . . Machines Sabotaged . | . . . Overloaded Fab Kills . | . . . Hacking | -11 -10 -9 --------- Run | Yrd Mat Mat Machines Accessed 3 | . 2 1 Terminals 1 | . 1 . Fabricators . | . . . Repair Stations . | . . . Recycling Units 1 | . 1 . Scanalyzers 1 | . . 1 Garrison Access . | . . . Total Hacks 11 | . 9 2 Successful 8 | . 6 2 Failed 3 | . 3 . Catastrophic . | . . . Database Lockouts . | . . . Manual . | . . . Terminals 3 | . 3 . Fabricators . | . . . Repair Stations . | . . . Recycling Units 6 | . 6 . Scanalyzers 2 | . . 2 Garrison Access . | . . . Terminal Hacks 1 | . 1 . Locate Traps 1 | . 1 . Fabricator Hacks . | . . . Repair Station Hacks . | . . . Recycling Unit Hacks 5 | . 5 . Recycle Component 2 | . 2 . Report Inventory 2 | . 2 . Retrieve Matter 1 | . 1 . Scanalyzer 2 | . . 2 Insert Component 1 | . . 1 Analyze 1 | . . 1 Garrison Access Hacks . | . . . Unauthorized Hacks . | . . . Terminals . | . . . Fabricators . | . . . Repair Stations . | . . . Recycling Units . | . . . Scanalyzers . | . . . Garrison Access . | . . . Data Cores Recovered . | . . . Used . | . . . Hacking Detections 2 | . 2 . Full Trace Events 2 | . 2 . Feedback Events . | . . . Feedback Blocked . | . . . Robot Schematics Acquired . | . . . Robots Built . | . . . Authchips . | . . . Time . | . . . Total Robot Build Rating . | . . . Part Schematics Acquired 1 | . . 1 Parts Built . | . . . Authchips . | . . . Time . | . . . Total Part Build Rating . | . . . Parts Repaired . | . . . Time . | . . . Parts Recycled 2 | . 2 . Recycled Matter . | . . . Retrieved Matter . | . . . Retrieved Components . | . . . Parts Scanalyzed 1 | . . 1 Part Schematics Acquired 1 | . . 1 Parts Damaged 1 | . . 1 Bothacking | -11 -10 -9 ------------ Run | Yrd Mat Mat Used RIF Installer . | . . . Robots Hacked . | . . . Non-combat . | . . . Combat . | . . . Robot Hacks Applied . | . . . Relay Couplers Released . | . . . Fabnet Peak Effective % . | . . . Robots Rewired . | . . . Allies Hacked . | . . . Hacks Repelled . | . . . Allies | -11 -10 -9 -------- Run | Yrd Mat Mat Total Allies . | . . . Largest Group . | . . . Highest-Rated Group . | . . . Highest-Rated Ally . | . . . Total Orders . | . . . Ally Attacks . | . . . Total Damage . | . . . Kills . | . . . Allies Corrupted . | . . . Allies Melted . | . . . Intel | -11 -10 -9 ------- Run | Yrd Mat Mat Robot Analysis Total . | . . . Derelict Logs Recovered . | . . . Drone Launches . | . . . Drone Recoveries . | . . . Exploration | -11 -10 -9 ------------- Run | Yrd Mat Mat Turns Passed 1197 | 117 713 367 Spaces Moved 608 | 73 380 155 Core 8 | 8 . . Treads 600 | 65 380 155 Legs . | . . . Wheels . | . . . Hover . | . . . Flight . | . . . Fastest Speed 50 | 50 160 160 Average Speed 158 | 147 160 160 Slowest Speed 160 | 160 160 160 Overloaded Moves . | . . . Propulsion Burnouts . | . . . Robots Hopped . | . . . Cave-ins Triggered . | . . . Exploration Rate (%) 21 | 4 53 8 Regions Visited 2 Branch Regions . Pre-discovered Areas . | . . . Known Exits Taken . | . . . Unknown Exits Taken 2 | 1 1 . Scrap Searched . | . . . Spaces Dug . | . . . Terrain Destroyed 1 | . 1 . Melee . | . . . Projectile 1 | . 1 . AOE . | . . . Terrain Rammed . | . . . Walls Destroyed . | . . . Machines Disabled . | . . . Actions | -11 -10 -9 --------- Run | Yrd Mat Mat Total 733 | 79 437 217 Wait 33 | . 19 14 Move 606 | 72 379 155 Hop . | . . . Pick Up 9 | . 7 2 Fast Attach 8 | 6 1 1 Attach 1 | . . 1 Detach . | . . . Swap 9 | 1 4 4 Drop 4 | . 1 3 Fire 38 | . 22 16 Melee 21 | . . 21 Ram . | . . . Kick . | . . . Crush 4 | . 4 . Escape Stasis . | . . . Rewire . | . . . Trap . | . . . Miscellaneous . | . . . Route ------- -11/Scrapyard -10/Materials -9/Materials History --------- Turn | Location | Event 4 | -11/Scrapyard | Discovered new exit (range 14) 118 | -11/Scrapyard | Entered Materials 327 | -10/Materials | Build established: Mutant 716 | -10/Materials | Discovered new exit (range 11) 831 | -10/Materials | Entered another Materials area 831 | -9/Materials | Evolved 2 slots: Propulsion x1, Utility x1 1053 | -9/Materials | Destroyed 7 combat bots 1198 | -9/Materials | Self-destructed Last Messages --------------- 01093_ Acquired Rnf. Ion Engine. 01098_ Y-45 Defender destroyed. 01101_ R-06 Scavenger collects Lgt. Armor Plating. 01104_ Sneak attack on R-06 Scavenger. 01104_ R-06 Scavenger Tractor Beam ripped off. 01128_ Q KH |KHOTRBEPO7N,SQCVU2GMJA0>2AG5=DZL 01136_ R-06 Scavenger collects Heat Sink. 01137_ Sneak attack on T-07 Excavator. 01137_ T-07 Excavator destroyed. 01140_ R-06 Scavenger collects Imp. Ion Engine. 01144_ R-06 Scavenger collects Lgt. Treads. 01153_ R-06 Scavenger collects Lgt. Ion Engine. 01158_ Acquired 10 matter. 01168_ R-06 Scavenger collects Lgt. Assault Rifle. 01175_ R-06 Scavenger collects Ion Engine. 01178_ System corrupted: Matter fused (-7). 01178_ R-06 Scavenger collects Heat Sink. 01180_ Acquired 7 matter. Map ----- +----------------------------------------------------+ | ?????????????????????????????????????????????????? | | ?????????????????????????????????????????????????? | | ?????????????????????????????????????????????????? | | ?????????????????????????????????????????????????? | | ?????????????????????????????????????????????????? | | ?????????????????????????????????????????????????? | | ?????????????????????????????????????????????????? | | ?????????????????????????????????????????????????? | | ?????????????????????????????????????????????????? | | ?????????????????????????????????????????????????? | | ?????????????????????????????????????????????????? | | ??? #????????????????????????????????????????????? | | ###+#????????????????????????????????????????????? | | #????????????????????????????????????????????? | | """ #????????????????????????????????????????????? | | """ #????????????????????????????????????????????? | | """ #????????????????????????????????????????????? | | #????????????????????????????????????????????? | | #????????????????????????????????????????????? | | #????????????????????????????????????????????? | | #????????????????????????????????????????????? | | #####????????????????????????????????????????????? | | ############+###################### s?????????? | | =%| s s ????????? | | % ! ????????? | | * % @ ????????? | | ###+############################???????????????? | | ##[%%== #???????????????????????????????????????? | | ##%=="" #???????????????????????????????????????? | | ## =""S!#???????????????????????????????????????? | | ## "" #???????????????????????????????????????? | | ## #???????????????????????????????????????? | | ## #???????????????????????????????????????? | | #########???????????????????????????????????????? | | ##???????????????????????????????????????????????? | | ?????????????????????????????????????????????????? | | ?????????????????????????????????????????????????? | | ?????????????????????????????????????????????????? | | ?????????????????????????????????????????????????? | | ?????????????????????????????????????????????????? | | ?????????????????????????????????????????????????? | | ?????????????????????????????????????????????????? | | ?????????????????????????????????????????????????? | | ?????????????????????????????????????????????????? | | ?????????????????????????????????????????????????? | | ?????????????????????????????????????????????????? | | ?????????????????????????????????????????????????? | | ?????????????????????????????????????????????????? | | | | | +----------------------------------------------------+ Best States ------------- Heat Dissipation 28 Energy Generation 14 Energy Capacity 250 Matter Stores 300 Matter Capacity 300 Sight Range 16 Robot Scan Range 14 Terrain Scan Density 10 Evasion (%) 40 Recoil Reduction 3 Item Schematics ----------------- Sensor Array | -9/Materials | Scanalyzed Robot Schematics ------------------ None Fabricated ------------ Nothing Alien Tech Used ----------------- None Achievements -------------- None Challenges ------------ None Game ------ Seed LauncherMetaSaw Manual? 0 Play Time 00:12:27 Cumulative 4.9 hours Start 2024.04.15 @ 00:35:03 End 2024.04.15 @ 00:44:29 Sessions 1 Manual Loads 0 Difficulty Rogue Special Mode None Game No. 12 Rogue 12 Adventurer 0 Explorer 0 Win Type - Total 0 Types 0/0/0/0/0/0/0/0/0 Lore% 7 Gallery% 8 Achievement% 10 Wizard Run 0 Options --------- Layout 1 ASCII 0 Keyboard 1 Movement Arrows Keybinds 0 Fullscreen 1 Font 32/Tamsyn Map View 50x40 Zoom Use 0% Tactical HUD 1 Map Filters NONE Filters NONE Steam 0 RUN: c85dbece-d062-476b-b69f-7198927987db